 Dungeon Crawl Stone Soup version 0.16.2-12-gd0ad4c3 (webtiles) character file.

32638 dearth the Basher (level 13, -4/116 HPs)
             Began as a Minotaur Fighter on Oct 20, 2015.
             Was the Champion of Okawaru.
             Killed from afar by Louise (7 damage)
             ... with a wand of frost
             ... on level 14 of the Dungeon.
             The game lasted 00:47:49 (15928 turns).

dearth the Basher (Minotaur Fighter)               Turns: 15928, Time: 00:47:49

Health: -4/116     AC: 13    Str: 25    XL:     13   Next: 32%
Magic:  30/30      EV: 10    Int:  5    God:    Okawaru [******]
Gold:   926        SH:  8    Dex: 11    Spells: 0 memorised, 12 levels left

rFire  + . .     SeeInvis +     T - +3 war axe "Breeg" {chop, rF+ rN+ MP+9}
rCold  . . .     Clarity  .     b - +0 scale mail
rNeg   + . .     SustAb   .     B - +2 buckler
rPois  .         Gourm    .     n - +2 hat
rElec  .         Spirit   .     (no cloak)
rCorr  .         Warding  .     (no gloves)
rMut   .         Stasis   .     (no boots)
MR     .....                    s - amulet of rage
Stlth  ..........               L - ring of see invisible
                                l - +5 ring of slaying

@: exhausted, slowed, very slow, not resistant to hostile enchantments,
extremely unstealthy
A: retaliatory headbutt, horns 2, slimy green scales 1
a: Heroism, Finesse, Renounce Religion, Evoke Berserk Rage


You were on level 14 of the Dungeon.
You worshipped Okawaru.
Okawaru was exalted by your worship.
You were not hungry.

You visited 1 branch of the dungeon, and saw 14 of its levels.

You collected 926 gold pieces.

Inventory:

Hand weapons
 D - a +3 eveningstar of flaming
 T - the +3 war axe "Breeg" (weapon) {chop, rF+ rN+ MP+9}
   (Okawaru gifted it to you on level 12 of the Dungeon)

   It inflicts extra damage upon your enemies.
   It protects you from fire.
   It protects you from negative energy.
   It affects your magic capacity (+9).
Armour
 b - a +0 scale mail (worn)
 n - a +2 hat (worn)
 B - a +2 buckler (worn)
Rods
 I - a +0 iron rod (10/10)
   (You found it on level 6 of the Dungeon)
Jewellery
 a - an uncursed amulet of warding
 l - a +5 ring of slaying (left hand)
 q - an uncursed amulet of regeneration
 s - an amulet of rage (around neck)
 L - a ring of see invisible (right hand)
Magical devices
 k - a wand of polymorph (12)
 p - a wand of digging (14)
 r - a wand of cold (7)
 t - a wand of enslavement (9)
 u - a wand of cold (10)
 y - a wand of heal wounds (3)
 z - a wand of digging (14)
 E - a wand of flame (2)
 F - a wand of frost (13)
 H - a wand of polymorph (7)
 J - a wand of lightning (7)
 M - a wand of magic darts (0)
 P - a wand of disintegration (15)
 W - a wand of teleportation (5)
Scrolls
 c - 3 scrolls of remove curse
 m - 13 scrolls of identify
 o - 2 scrolls of fog
 x - a scroll of enchant armour {unknown}
 A - a scroll of summoning {unknown}
 K - 2 scrolls of amnesia {unknown}
 N - 4 scrolls of recharging
 R - a scroll of enchant weapon
 S - a scroll of torment {unknown}
Potions
 e - a potion of might
 f - a potion of mutation {unknown}
 g - 5 potions of agility
 h - 4 potions of invisibility
 i - 2 potions of cancellation
 j - 2 potions of haste
 v - 5 potions of curing
 w - a potion of resistance
 C - a potion of cure mutation {unknown}
 U - a potion of berserk rage {unknown}
 V - a potion of flight {unknown}
Books
 G - a book of Air

   Spells                             Type                      Level
   a - Shock                          Conjuration/Air              1
   b - Swiftness                      Charms/Air                   2
   c - Repel Missiles                 Charms/Air                   2
   d - Flight                         Charms/Air                   3
   e - Static Discharge               Conjuration/Air              3
   f - Lightning Bolt                 Conjuration/Air              5
 O - a book of Beasts

   Spells                             Type                      Level
   a - Summon Butterflies             Summoning                    1
   b - Call Canine Familiar           Summoning                    3
   c - Summon Ice Beast               Ice/Summoning                4
   d - Summon Mana Viper              Hexes/Summoning              5
   e - Monstrous Menagerie            Summoning                    6
   f - Summon Hydra                   Summoning                    7
 Q - a book of Burglary

   Spells                             Type                      Level
   a - Swiftness                      Charms/Air                   2
   b - Passwall                       Transmutation/Earth          3
   c - Passage of Golubria            Translocation                4
   d - Lee's Rapid Deconstruction     Earth                        5
   e - Invisibility                   Hexes                        6
   f - Darkness                       Hexes                        7
Comestibles
 d - 5 bread rations


   Skills:
 + Level 11.5 Fighting
 * Level 14.6 Maces & Flails
 + Level 11.3 Armour
 + Level 11.5 Shields
 + Level 7.1 Invocations
 + Level 8.6 Evocations


You had 12 spell levels left.
You didn't know any spells.

Dungeon Overview and Level Annotations

Branches:
Dungeon (14/15)            Temple (0/1) D:7            Lair (0/8) D:8
    Orc (0/4) D:12
 Vaults: D:13-14

Altars:
Ashenzari
Cheibriados
Elyvilon
Fedhas
Gozag
Makhleb
Okawaru
Qazlal
Vehumet
Xom
Yredelemnul

Shops:
D:12 (

Annotations:
D:14 Harold, Louise


Innate Abilities, Weirdness & Mutations

You reflexively headbutt those who attack you in melee.
You have a pair of horns on your head.
You are partially covered in slimy green scales (AC +2).


Message History

You slice Louise!!
Louise is heavily wounded.
Louise casts a spell at you. The bolt of lightning hits you!
* * * LOW HITPOINT WARNING * * *
Louise blocks your attack.
Louise is moderately wounded.
Louise gestures wildly while chanting.
Louise blinks!
Louise gestures at you while chanting. The stone arrow hits you!
* * * LOW HITPOINT WARNING * * *
You feel a strong urge to attack something.
You are no longer berserk.
You are exhausted.
You feel yourself slow down. Louise blocks your attack.
Louise is moderately wounded.
Louise zaps a wand.
The puff of frost hits you!
You die...

.........# #.# #.#
........## ##.# #.#
........# #..# #.#
###....## #.## #.# #.####
#####.#### #.# ...
#........# ##.#### ...#
#........# #.....# ..+
#......@.####### #.....#
#......@.ยง.....###.....#
.#........#####.........#
#..........# #####.....#
###........# #.....#
#........# #.....#
#........# ###.###
########## .# .#


You could see Louise.

Vanquished Creatures
  2 hydras (D:11)
  A centaur warrior (D:13)
  The ghost of CrazyArbalest the Quickloader, an experienced MiHu of Okawaru (D:9)
  A tengu warrior (D:13)
  The ghost of SlimeFever the Martial Artist, an experienced DsMo of Ru (D:10)
  Urug (D:11)
  5 skeletal warriors (D:12)
  The ghost of Britaniac the Destroyer, an experienced HEFE of Vehumet (D:7)
  9 hill giants
  2 cyclopes
  An orc knight (D:12)
  A manticore (D:12)
  2 ugly things (D:12)
  2 centaur zombies (D:13)
  4 yaktaurs (D:13)
  A komodo dragon (shapeshifter) (D:13)
  2 two-headed ogres
  Prince Ribbit (D:6)
  3 ravens (D:13)
  5 trolls
  4 slime creatures (D:13)
  The ghost of Turgon the Skirmisher, an average OgMo (D:3)
  A shadow (D:11)
  A wyvern (D:7)
  6 deep elf magi
  Eustachio (D:4)
  5 vampire mosquitoes
  Grum (D:12)
  6 yaks (D:13)
  7 hungry ghosts
  4 wolves (D:12)
  2 soldier ants
  Edmund (D:4)
  2 wargs (D:12)
  2 black bears
  6 orc warriors
  2 phantoms
  2 sky beasts
  2 wasps
  4 ice beasts
  The ghost of CrazyArbalest the Bolt Thrower, an average MiHu (D:4)
  A crocodile (D:12)
  2 necrophages
  4 ogres
  A big kobold (D:12)
  9 centaurs
  Blork the orc (D:7)
  2 wyvern zombies
  5 giant frogs
  A water moccasin zombie (D:5)
  34 wights
  7 scorpions
  6 killer bees (D:12)
  6 crimson imps
  A quasit (D:11)
  4 giant frog zombies
  5 orc priests
  4 giant frog skeletons
  3 jellies
  2 iguanas
  Crazy Yiuf (D:4)
  6 centaur skeletons
  7 hounds
  8 orc wizards
  9 worker ants
  Ijyb (D:2)
  A hound zombie (D:7)
  A mummy (D:9)
  2 hound skeletons
  2 worker ant zombies
  9 gnolls
  2 river rats (D:3)
  20 adders
  4 shadow imps
  6 giant mites
  4 worms
  4 giant geckos
  An ooze (D:2)
  42 orcs
  3 bat skeletons
  A bat zombie (D:5)
  6 giant cockroaches
  19 goblins
  23 hobgoblins
  5 jackals
  28 kobolds
  2 quokkas
  A ball python (D:5)
  11 bats
  A giant gecko zombie (D:5)
  8 giant newts
  A jackal skeleton (D:8)
  A quokka zombie (D:9)
  19 rats
  A spectral orc (D:8)
465 creatures vanquished.

Vanquished Creatures (others)
  A quokka (D:2)
1 creature vanquished.

Grand Total: 466 creatures vanquished

Notes
Turn   | Place    | Note
--------------------------------------------------------------
     0 | D:1      | dearth, the Minotaur Fighter, began the quest for the Orb.
     0 | D:1      | Reached XP level 1. HP: 19/19 MP: 1/1
   169 | D:1      | Reached XP level 2. HP: 27/27 MP: 1/1
   224 | D:1      | Reached skill level 4 in Armour
   880 | D:2      | Noticed Ijyb
   892 | D:2      | Reached XP level 3. HP: 23/33 MP: 2/2
   904 | D:2      | Killed Ijyb
   909 | D:2      | Found a white marble altar of Elyvilon.
  1123 | D:2      | Reached XP level 4. HP: 31/41 MP: 2/2
  1690 | D:3      | Found a snail-covered altar of Cheibriados.
  1779 | D:3      | Noticed Turgon's ghost (average OgMo)
  1789 | D:3      | Killed Turgon's ghost
  1789 | D:3      | Reached skill level 5 in Fighting
  1789 | D:3      | Reached skill level 5 in Armour
  1789 | D:3      | Reached skill level 5 in Shields
  1789 | D:3      | Reached XP level 5. HP: 18/48 MP: 2/2
  1789 | D:3      | Reached XP level 6. HP: 21/56 MP: 3/3
  1872 | D:3      | Reached skill level 5 in Maces & Flails
  2239 | D:3      | Found an opulent altar of Gozag.
  2497 | D:4      | Noticed CrazyArbalest's ghost (average MiHu)
  2568 | D:4      | Noticed Edmund
  2577 | D:4      | Killed Edmund
  2577 | D:4      | Reached XP level 7. HP: 55/61 MP: 3/3
  2607 | D:4      | Noticed Eustachio
  2638 | D:4      | Killed Eustachio
  2638 | D:4      | Reached skill level 6 in Maces & Flails
  2811 | D:4      | Killed CrazyArbalest's ghost
  2811 | D:4      | Reached skill level 7 in Maces & Flails
  2876 | D:4      | Reached XP level 8. HP: 56/70 MP: 3/3
  3023 | D:4      | Reached skill level 1 in Evocations
  3466 | D:4      | Noticed Crazy Yiuf
  3469 | D:4      | Killed Crazy Yiuf
  3512 | D:5      | Entered Level 5 of the Dungeon
  3740 | D:5      | Noticed a hill giant
  3750 | D:5      | Killed a hill giant
  3750 | D:5      | Reached skill level 8 in Maces & Flails
  3860 | D:5      | Reached XP level 9. HP: 57/79 MP: 6/8
  4745 | D:5      | Reached skill level 9 in Maces & Flails
  4867 | D:6      | Found a shattered altar of Ashenzari.
  5184 | D:6      | Found an iron altar of Okawaru.
  5205 | D:6      | Became a worshipper of Warmaster Okawaru
  5765 | D:6      | Reached skill level 1 in Invocations
  5932 | D:6      | Got a heavily runed ring mail
  5943 | D:6      | Identified the cursed -4 ring mail of the Boiling Point {rF- rC+ MR+ Str-5 Dex-2} (You found it on level 6 of the Dungeon)
  5980 | D:6      | Gained mutation: You are partially covered in slimy green scales (AC +2). [potion of beneficial mutation]
  6077 | D:6      | Noticed Prince Ribbit
  6083 | D:6      | Killed Prince Ribbit
  6102 | D:6      | Found a shimmering altar of Xom.
  6102 | D:6      | Found a stormy altar of Qazlal.
  6412 | D:6      | Acquired Okawaru's first power
  6501 | D:7      | Found a blossoming altar of Fedhas.
  6686 | D:7      | Noticed Britaniac's ghost (experienced HEFE)
  6703 | D:7      | Killed Britaniac's ghost
  6703 | D:7      | Reached skill level 10 in Maces & Flails
  6757 | D:7      | Found a staircase to the Ecumenical Temple.
  6763 | D:7      | Noticed Blork the orc
  6779 | D:7      | Killed Blork the orc
  6779 | D:7      | Reached XP level 10. HP: 64/88 MP: 11/11
  7530 | D:8      | Found a staircase to the Lair.
  7749 | D:8      | Found a basalt altar of Yredelemnul.
  8071 | D:9      | Noticed CrazyArbalest's ghost (experienced MiHu)
  8101 | D:9      | Killed CrazyArbalest's ghost
  8101 | D:9      | Reached skill level 11 in Maces & Flails
  8101 | D:9      | Reached skill level 5 in Evocations
  8587 | D:9      | Found a burning altar of Makhleb.
  8593 | D:9      | Found a radiant altar of Vehumet.
  8924 | D:10     | Entered Level 10 of the Dungeon
  9033 | D:10     | Noticed SlimeFever's ghost (experienced DsMo)
  9058 | D:10     | Killed SlimeFever's ghost
  9058 | D:10     | Acquired Okawaru's second power
  9058 | D:10     | Reached XP level 11. HP: 31/97 MP: 14/14
  9672 | D:11     | Noticed a hill giant
  9682 | D:11     | Killed a hill giant
  9887 | D:11     | Noticed Urug
  9918 | D:11     | Killed Urug
  9918 | D:11     | Reached skill level 12 in Maces & Flails
 10050 | D:11     | Noticed a hill giant
 10057 | D:11     | Killed a hill giant
 10423 | D:11     | Noticed a four-headed hydra
 10430 | D:11     | Killed a four-headed hydra
 10430 | D:11     | Reached skill level 10 in Fighting
 10435 | D:11     | Noticed an eight-headed hydra
 10619 | D:11     | Killed an eight-headed hydra
 10753 | D:11     | Received a gift from Okawaru
 11277 | D:12     | Reached skill level 5 in Invocations
 11392 | D:12     | Reached skill level 10 in Armour
 11392 | D:12     | Reached skill level 10 in Shields
 11547 | D:12     | Noticed a hill giant
 11550 | D:12     | Noticed a skeletal warrior
 11552 | D:12     | Noticed a skeletal warrior
 11556 | D:12     | Killed a hill giant
 11558 | D:12     | Noticed a skeletal warrior
 11561 | D:12     | Killed a skeletal warrior
 11566 | D:12     | Noticed a skeletal warrior
 11568 | D:12     | Killed a skeletal warrior
 11568 | D:12     | Reached skill level 13 in Maces & Flails
 11568 | D:12     | Reached XP level 12. HP: 107/107 MP: 18/18
 11574 | D:12     | Killed a skeletal warrior
 11574 | D:12     | Received a gift from Okawaru
 11579 | D:12     | Killed a skeletal warrior
 11582 | D:12     | Noticed a skeletal warrior
 11660 | D:12     | Noticed a hill giant
 11670 | D:12     | Killed a hill giant
 11768 | D:12     | Found a staircase to the Orcish Mines.
 12142 | D:12     | Killed a skeletal warrior
 12559 | D:12     | Found Voroose's Antique Weapon Boutique.
 13286 | D:12     | Noticed Grum
 13304 | D:12     | Killed Grum
 13304 | D:12     | Received a gift from Okawaru
 13310 | D:12     | Got a smoking war axe {god gift}
 13318 | D:12     | Identified the +3 war axe "Breeg" {chop, rF+ rN+ MP+9} (Okawaru gifted it to you on level 12 of the Dungeon)
 13489 | D:13     | Reached skill level 14 in Maces & Flails
 13652 | D:13     | Reached XP level 13. HP: 30/116 MP: 20/20
 13861 | D:13     | Noticed a centaur warrior
 13868 | D:13     | Killed a centaur warrior
 15747 | D:14     | Noticed Harold
 15897 | D:14     | Noticed Louise
 15925 | D:14     | HP: 3/174 [Louise/stone arrow (33)]
 15928 | D:14     | Killed from afar by Louise

Action                   |  1- 3 |  4- 6 |  7- 9 | 10-12 | 13-15 || total
-------------------------+-------+-------+-------+-------+-------++-------
Melee: Flail             |    90 |   110 |   338 |   455 |       ||   993
       Eveningstar       |       |       |       |   109 |       ||   109
       War axe           |       |       |       |    51 |   111 ||   162
Invok: Heroism           |       |       |       |     1 |       ||     1
       Finesse           |       |       |       |     1 |       ||     1
 Abil: Evoke Berserk Rag |       |       |       |     6 |     3 ||     9
  Use: Potion            |       |     1 |    14 |       |       ||    15
       Scroll            |       |       |    12 |     3 |     1 ||    16
  Eat: Chunk             |     1 |       |     1 |    12 |     1 ||    15
       Bread ration      |       |     2 |       |     1 |     1 ||     4
       Fruit             |       |       |     5 |     1 |       ||     6
       Meat ration       |       |       |     1 |       |     1 ||     2
       Royal jelly       |       |       |     1 |       |       ||     1
       Pizza             |       |       |       |     3 |       ||     3
       Beef jerky        |       |       |       |     3 |       ||     3
